 Dungeon Crawl Stone Soup version 0.29-a0-553-g81b289dbe5 (webtiles) character file.

Game seed: 10653245226235561762

490 grumblor the Chopper (level 7, -3/37 HPs)
             Began as a Vine Stalker Fighter on June 6, 2022.
             Splashed by a jelly's acid (5 damage)
             ... on level 4 of the Dungeon.
             The game lasted 00:05:25 (2708 turns).

grumblor the Chopper (Vine Stalker Fighter)         Turns: 2708, Time: 00:05:26

Health: -3/37      AC:  0    Str: 21    XL:     7   Next: 14%
Magic:  0/8        EV: 10    Int:  8    God:
Gold:   228        SH:  4    Dex: 13    Spells: 6/6 levels left

rFire   . . .      SeeInvis .   a - +0 war axe
rCold   . . .      Faith    .   c - +0 buckler
rNeg    . . .      Spirit   +   b - +0 scale mail
rPois   +          Reflect  .   (no helmet)
rElec   .          Harm     .   j - +0 cloak
rCorr   .          Rampage  .   (no gloves)
Will    .....                   (no boots)
Stlth   ..........              (no amulet)
HPRegen 0.92/turn               k - ring of poison resistance
MPRegen 0.11/turn               (no ring)

@: corroded
A: fangs 2, regeneration 1, magic shield, antimagic bite, no potion heal 2
a: no special abilities


You were on level 4 of the Dungeon.
You visited 1 branch of the dungeon, and saw 4 of its levels.

You collected 228 gold pieces.

Inventory:

Hand Weapons
 a - a +0 war axe (weapon)
Missiles
 f - 4 poisoned darts (quivered)
Armour
 b - a +0 scale mail (worn)
 c - a +0 buckler (worn)
 j - a +0 cloak (worn)
Jewellery
 k - a ring of poison resistance (left hand)
Wands
 n - a wand of flame (25)
Scrolls
 e - 2 scrolls of teleportation
 h - a scroll of fog
 o - 2 scrolls of identify
Potions
 d - 4 potions of might
 g - a potion of mutation {unknown}
 i - a potion of curing
 l - 2 potions of invisibility
 m - a potion of resistance


   Skills:
 * Level 4.1 Fighting
 + Level 4.2 Axes
 - Level 2.0 Throwing
 + Level 3.1 Armour
 * Level 1.7 Dodging
 + Level 3.1 Shields


You had 6 spell levels left.
You didn't know any spells.
Your spell library contained the following spells:

 Spells                   Type           Power      Damage    Failure   Level
 Slow                     Hex            0%         N/A       83%         1
 Static Discharge         Conj/Air       0%         N/A       93%         2
 Confusing Touch          Hex            0%         N/A       99%         3
 Vampiric Draining        Necr           0%         2d6       99%         3
 Lightning Bolt           Conj/Air       0%         1d11      100%        5
 Maxwell's Capacitive Co  Air            0%         ∞         100%        8


Dungeon Overview and Level Annotations

Branches:
Dungeon (4/15)
 Temple: D:4-7

Altars:
Vehumet
Xom

Shops:
D:2 !


Innate Abilities, Weirdness & Mutations

You have extremely sharp teeth.
Your natural rate of healing is unusually fast.
When hurt, damage is shared between your health and your magic reserves.
Your bite disrupts and absorbs the magic of your enemies.
Potions cannot restore your health.


Message History

The gnoll shaman closely misses you.
A gnoll comes into view. It is wielding a +0 spear.
The gnoll shouts!
You slash the gnoll shaman!
You kill the gnoll shaman!
Items here: ! ) [ †.
The gnoll closely misses you. The gnoll hits you with a +0 halberd!
The gnoll hits you but does no damage.
You slash the gnoll!
You kill the gnoll!
You completely miss the gnoll. The gnoll hits you with a +0 halberd.
A jelly comes into view.
You closely miss the gnoll. The gnoll hits you but does no damage.
You block the gnoll's attack.
Unknown command.
You hit the gnoll but do no damage. You bite the gnoll. You drain its power.
You feel invigorated.
The gnoll is moderately wounded.
The gnoll barely misses you.
Unknown command.
You hit the gnoll but do no damage. Your bite misses the gnoll.
The gnoll is moderately wounded.
You hit the jelly.
Your hands burn!
The gnoll hits you with a +0 halberd! The jelly hits you but does no damage.
Unknown command.
You hit the gnoll. You bite the gnoll. You drain its power.
You feel invigorated.
The gnoll is severely wounded.
You slash the jelly!
Your hands burn!
The jelly hits you. The acid corrodes you!
You are splashed with acid!
The gnoll hits you with a +0 halberd!
* * * LOW HITPOINT WARNING * * *
The gnoll closely misses you. The jelly hits you.
* * * LOW HITPOINT WARNING * * *
The acid corrodes you!
You are splashed with acid!
* * * LOW HITPOINT WARNING * * *
You hit the gnoll but do no damage.
The gnoll is severely wounded.
You hit the jelly but do no damage.
Your hands burn!
You die...

.... ..## #.... ......
#...> .... #....
#..##### #.... ...
##......## #.... #..#
##........# #.... ...
#Jg.......## #....
#..###@(........# #####
#...#...........###....
#...#.).........##...#.
#..#.....)...†....#...
#...#................#
##..#.........#.#..#..
#...#.#...####.......
#.....##### #.#.#.._
##....# #.......


You could see a jelly and a gnoll.

Vanquished Creatures
  Grinder (D:3)
  A hound (D:4)
  A gnoll shaman (D:4)
  Terence (D:3)
  Natasha (thrice) (D:4)
  3 adders
  4 gnolls
  A worm (D:2)
  A dart slug (D:3)
  3 orcs
  6 ball pythons
  3 endoplasms (D:2)
  6 giant cockroaches
  6 goblins
  7 hobgoblins
  8 kobolds
  2 quokkas
  4 bats
  2 frilled lizards
  8 rats
71 creatures vanquished.

Notes
Turn   | Place    | Note
-------+----------+-------------------------------------------
     0 | D:1      | grumblor the Vine Stalker Fighter began the quest for the
                  | Orb.
     0 | D:1      | Reached XP level 1. HP: 11/11 MP: 2/2
     2 | D:1      | Noticed a demonspawn zombie
    14 | D:1      | Noticed a demonspawn zombie
    16 | D:1      | Noticed a minotaur zombie
   134 | D:1      | Found a faded altar of an unknown god.
   229 | D:1      | Reached XP level 2. HP: 15/15 MP: 3/3
  1118 | D:2      | Reached XP level 3. HP: 17/20 MP: 2/4
  1332 | D:2      | Found Kiacepn's Distillery.
  1487 | D:2      | Reached skill level 1 in Throwing
  1500 | D:2      | Found a shimmering altar of Xom.
  1731 | D:2      | Gained mutation: Your natural rate of healing is unusually
                  | fast. [Vine Stalker growth]
  1731 | D:2      | Reached XP level 4. HP: 18/24 MP: 3/5
  1901 | D:3      | Noticed Grinder
  1921 | D:3      | Killed Grinder
  1922 | D:3      | Reached skill level 1 in Dodging
  1922 | D:3      | Reached XP level 5. HP: 14/29 MP: 3/6
  1922 | D:3      | Reached XP level 6. HP: 16/33 MP: 3/7
  2114 | D:3      | Noticed Terence
  2123 | D:3      | Killed Terence
  2429 | D:4      | Noticed Natasha
  2433 | D:4      | Killed Natasha
  2466 | D:4      | Found a radiant altar of Vehumet.
  2475 | D:4      | Noticed Natasha
  2481 | D:4      | Killed Natasha
  2643 | D:4      | Noticed Natasha
  2650 | D:4      | Killed Natasha
  2651 | D:4      | Reached XP level 7. HP: 26/37 MP: 4/8
  2708 | D:4      | Splashed by a jelly's acid

Illustrated notes

Levels and vault maps discovered:
D:1:      shiori_arrival_whats_in_store_for_you, layout_loops_ring,
          basic_ecumenical_altar
D:2:      layout_basic, serial_shops, nicolae_shop_behind_doors, basic_altar,
          chequers_serial_rivers_small_3
D:3:      layout_rooms, minmay_checkerbox, uniq_terence, uniq_grinder
D:4:      layout_cave_pods, mainiacjoe_overflow_alcove_1,
          nicolae_vehumet_radiance, nicolae_shop_firing_range, uniq_natasha

Skill      XL: |  1  2  3  4  5  6 |
---------------+-------------------+-----
Fighting       | 3 4 |  4.1
Axes           | 2 3 4 |  4.2
Shields        | 3 |  3.1
Throwing       | 1 2 |  2.0
Dodging        | 1 |  1.7
Armour         | 3 |  3.1

Action                   |  1- 3 |  4- 6 |  7- 9 || total
-------------------------+-------+-------+-------++-------
Melee: War axe           |    77 |    93 |     8 ||   178
       Bite              |    11 |    17 |     2 ||    30
Throw: Dart              |       |     1 |     1 ||     2
  Use: Scroll            |     4 |     4 |       ||     8
Armor: Scale mail        |    36 |    34 |     3 ||    73
Dodge: Dodged            |    37 |    43 |     4 ||    84
Block: Buckler           |    24 |    19 |     1 ||    44

Table legend: (Time is in decaauts)
 A = Elapsed time spent in this place.
 B = Non-inter-level travel time spent in this place.
 C = Inter-level travel time spent in this place.
 D = Time resting spent in this place.
 E = Time spent auto-exploring this place.
 F = Levels seen in this place.
 G = Mean time per level.
                   A        B        C        D        E       F      G
               +--------+--------+--------+--------+--------+-----+--------+
         Total |   2779 |   2735 |     44 |    214 |   1986 |   4 |  694.8 |
       Dungeon |   2779 |   2735 |     44 |    214 |   1986 |   4 |  694.8 |
               +--------+--------+--------+--------+--------+-----+--------+

Top non-repeatable levels by time:
     D:1: 1061 daAuts
     D:2: 818 daAuts
     D:3: 611 daAuts
     D:4: 289 daAuts
